 Dungeon Crawl Stone Soup version 0.28.0 (webtiles) character file.

Game seed: 4696238431382359526

968 Cykl0x the Digger (level 8, 0/46 HPs)
             Began as a Gargoyle Earth Elementalist on Feb 15, 2022.
             Slain by a centaur (2 damage)
             ... on level 5 of the Dungeon.
             The game lasted 00:11:06 (4662 turns).

Cykl0x the Digger (Gargoyle Earth Elementalist)     Turns: 4662, Time: 00:11:06

Health: 0/46       AC: 11    Str: 14    XL:     8   Next: 15%
Magic:  1/14       EV: 11    Int: 16    God:
Gold:   57         SH:  0    Dex: 10    Spells: 11/15 levels left

rFire   . . .      SeeInvis +   d - +2 falchion (holy)
rCold   . . .      Faith    .   (no shield)
rNeg    + . .      Spirit   .   h - +1 leather armour
rPois   ∞          Reflect  .   (no helmet)
rElec   +          Harm     .   (no cloak)
rCorr   .          Rampage  .   i - +0 pair of gloves
Will    .....                   (no boots)
Stlth   ++........              m - amulet of magic regeneration
HPRegen 0.15/turn               n - ring of see invisible
MPRegen 0.54/turn               (no ring)

@: no status effects
A: sickness immunity, AC +5, negative energy resistance 1, electricity
resistance, torment resistance 1, petrification resistance
a: no special abilities


You were on level 5 of the Dungeon.
You visited 1 branch of the dungeon, and saw 5 of its levels.

You collected 213 gold pieces.
You spent 156 gold pieces at shops.

Inventory:

Hand Weapons
 d - a +2 falchion of holy wrath (weapon)
 e - a +0 short sword
 g - a +1 dagger of venom
Missiles
 c - 134 stones
Armour
 a - a +0 scale mail
 b - a +0 robe
 f - a +1 chain mail of cold resistance
 h - a +1 leather armour (worn)
 i - a +0 pair of gloves (worn)
Jewellery
 m - an amulet of magic regeneration (around neck)
 n - a ring of see invisible (left hand)
Scrolls
 j - 4 scrolls of teleportation
 o - 2 scrolls of enchant armour
Potions
 k - a potion of flight
 l - 3 potions of attraction
 p - a potion of curing
 q - a potion of brilliance {unknown}
 r - a potion of degeneration {unknown}


   Skills:
 * Level 3.3 Fighting
 - Level 0.1(1.6) Short Blades
 * Level 2.8 Long Blades
 + Level 2.5 Armour
 + Level 1.7 Dodging
 - Level 2.1 Stealth
 + Level 4.3 Spellcasting
 * Level 4.2 Conjurations
 - Level 0.7 Transmutations
 + Level 6.0 Earth Magic


You had 11 spell levels left.
You knew the following spells:

 Your Spells              Type           Power      Damage    Failure   Level
a - Sandblast             Erth           44%        2d11      1%          1
b - Stone Arrow           Conj/Erth      40%        3d9       7%          3

Your spell library contained the following spells:

 Spells                   Type           Power      Damage    Failure   Level
 Passwall                 Tmut/Erth      11%        N/A       8%          2
 Petrify                  Tmut/Erth      14%        N/A       45%         4


Dungeon Overview and Level Annotations

Branches:
Dungeon (5/15)
 Temple: D:4-7

Altars:
Ashenzari
Hepliaklqana

Shops:
D:2 :   D:3 (

Annotations:
D:4 3 runed translucent doors, Deca's ghost, novice TrMo; solaroid's ghost, amateur SpEn


Innate Abilities, Weirdness & Mutations

You are immune to sickness and miasma.
Your stone body is resilient. (AC +5)
You are immune to poison.
You resist negative energy. (rN+)
You are resistant to electric shocks. (rElec)
You are resistant to unholy torment.
You are immune to petrification.


Message History

You hit the iguana.
The iguana is lightly wounded.
The iguana bites you but does no damage.
You barely miss the iguana.
The iguana is lightly wounded.
The iguana bites you. x2
You hit the iguana.
The iguana is moderately wounded.
The iguana bites you.
You barely miss the iguana.
The iguana is moderately wounded.
The iguana bites you.
You are too injured to fight recklessly!
Casting: Stone Arrow (dangerous; 7% risk of failure)
Confirm with . or Enter, or press ? or * to list all spells.
Aiming: Stone Arrow (dangerous; 7% risk of failure)
Press: ? - help, Shift-Dir - straight line, f/p - iguana
Aim: an iguana (moderately wounded, 75% to hit)
The stone arrow hits the iguana!
The iguana is severely wounded.
The iguana barely misses you.
Your magical contamination has completely faded away.
You hit the iguana.
The iguana is almost dead.
The iguana bites you.
Casting: Stone Arrow (dangerous; 7% risk of failure)
Confirm with . or Enter, or press ? or * to list all spells.
Aiming: Sandblast (safe; 1% risk of failure)
Press: ? - help, Shift-Dir - straight line, f/p - iguana
Aim: an iguana (almost dead, 83% to hit)
The blast of sand hits the iguana.
You kill the iguana!
c - 134 stones The centaur shoots an arrow.
The arrow hits you.
* * * LOW HITPOINT WARNING * * *
The centaur shoots an arrow.
The arrow hits you!
* * * LOW HITPOINT WARNING * * *
The centaur unwields a +0 shortbow.
The centaur barely misses you. The centaur kicks you.
You die...

... ... .... ..
>... .. ..) ....
#. ..... ....
.#.#+#. ..... ....
.......#######....
.)..
......c@.....#....
....
......###.....#
####### .....
#.....# #......
.... #.....#
#.##... #..
#.....####.##.##
#.
#.....'....##... #
#.....#######.#.
#....... ###.
#[....... #...


You could see a centaur.

Vanquished Creatures
  Grinder (D:4)
  3 ogres (D:4)
  A phantom (D:2)
  A wyvern zombie (D:5)
  A scorpion (D:5)
  A howler monkey (D:4)
  A hound (D:5)
  A jelly (D:4)
  3 iguanas
  2 hound skeletons (D:4)
  3 adders (D:3)
  2 adder skeletons (D:4)
  2 worms (D:2)
  3 dart slugs
  2 orcs
  10 ball pythons
  4 bats
  11 endoplasms
  3 giant cockroaches
  7 goblins
  9 hobgoblins
  8 jackals
  4 quokkas
  2 frilled lizards (D:1)
  7 kobolds
  9 rats
  A spectral hobgoblin (D:3)
102 creatures vanquished.

Vanquished Creatures (others)
  5 withered plants (D:4)
5 creatures vanquished.

Grand Total: 107 creatures vanquished

Notes
Turn   | Place    | Note
-------+----------+-------------------------------------------
     0 | D:1      | Cykl0x the Gargoyle Earth Elementalist began the quest for
                  | the Orb.
     0 | D:1      | Reached XP level 1. HP: 10/10 MP: 3/3
   186 | D:1      | Reached XP level 2. HP: 10/16 MP: 1/5
   380 | D:1      | Reached skill level 4 in Earth Magic
   770 | D:1      | Reached XP level 3. HP: 20/20 MP: 4/6
   774 | D:1      | Learned a level 3 spell: Stone Arrow
   797 | D:1      | Reached skill level 1 in Conjurations
   984 | D:2      | Noticed a phantom
   989 | D:2      | Killed a phantom
   990 | D:2      | Reached skill level 1 in Fighting
   990 | D:2      | Reached skill level 1 in Long Blades
   990 | D:2      | Reached XP level 4. HP: 21/25 MP: 1/8
  1158 | D:2      | Found a faded altar of an unknown god.
  1379 | D:2      | Found Seuwk's Book Shoppe.
  1441 | D:2      | Reached XP level 5. HP: 29/29 MP: 7/9
  2697 | D:3      | Found Uxioxt's Antique Weapon Shop.
  2749 | D:3      | Found a hazy altar of Hepliaklqana.
  3115 | D:3      | Reached skill level 5 in Earth Magic
  3412 | D:3      | Bought a runed falchion for 156 gold pieces
  3636 | D:4      | Noticed an ogre
  3639 | D:4      | Killed an ogre
  3640 | D:4      | Reached skill level 1 in Armour
  3640 | D:4      | Reached XP level 6. HP: 35/35 MP: 3/10
  4000 | D:4      | Reached XP level 7. HP: 40/40 MP: 2/12
  4082 | D:4      | Found a runed translucent gate.
  4082 | D:4      | Found a runed translucent gate.
  4082 | D:4      | Found a runed translucent gate.
  4082 | D:4      | Noticed Deca's ghost (novice TrMo)
  4120 | D:4      | Noticed solaroid's ghost (amateur SpEn)
  4260 | D:4      | Found a broken altar of Ashenzari.
  4296 | D:4      | Noticed Grinder
  4311 | D:4      | Paralysed by Grinder for 4 turns
  4317 | D:4      | Killed Grinder
  4334 | D:4      | Identified the +0 leather armour of Dirghet {-Cast *Slow
                  | rN++ SInv}
  4556 | D:5      | Entered Level 5 of the Dungeon
  4568 | D:5      | Reached XP level 8. HP: 41/46 MP: 0/14
  4651 | D:5      | Reached skill level 6 in Earth Magic
  4661 | D:5      | HP: 2/46 [centaur/arrow (11)]
  4662 | D:5      | Slain by a centaur

Illustrated notes

Levels and vault maps discovered:
D:1:      lemuel_arrival_river_ford, layout_basic
D:2:      minmay_spotlight, layout_basic, basic_ecumenical_altar, serial_shops,
          shop, kennysheep_generic_room_6
D:3:      minmay_recursive_quarters, layout_basic,
          nicolae_hepliaklqana_monster_ancestors, serial_shops,
          nicolae_shop_stone
D:4:      layout_basic, evilmike_ruin_ashenzari, gammafunk_ghost_cemetery,
          uniq_grinder
D:5:      layout_basic, mainiacjoe_overflow_small_starburst, uniq_prince_ribbit1

Skill      XL: |  1  2  3  4  5  6  7  8 |
---------------+-------------------------+-----
Earth Magic    | 4 5 6 |  6.0
Conjurations   | 1 2 3 4 |  4.2
Fighting       | 1 2 3 |  3.3
Long Blades    | 1 2 |  2.8
Armour         | 1 2 |  2.5
Spellcasting   | 3 4 |  4.3
Short Blades   | |  0.1
Dodging        | |  1.7
Stealth        | |  2.1
Transmutations | |  0.7

Action                   |  1- 3 |  4- 6 |  7- 9 || total
-------------------------+-------+-------+-------++-------
Melee: Short sword       |     4 |       |       ||     4
       Dagger            |       |    45 |       ||    45
       Punch             |       |     2 |       ||     2
       Falchion          |       |     2 |     8 ||    10
 Cast: Sandblast         |    35 |    28 |     4 ||    67
       Stone Arrow       |       |    42 |    31 ||    73
  Use: Scroll            |     1 |     6 |     3 ||    10
Armor: Leather armour    |     2 |    27 |     9 ||    38
Dodge: Dodged            |     7 |    32 |    15 ||    54
